 Dungeon Crawl Stone Soup version 0.26-a0-682-g294304f6e8 (webtiles) character file.

Game seed: 13764616158044626260

1426 ringo67 the Chopper (level 8, -4/75 HPs)
             Began as a Naga Fighter on Oct 21, 2020.
             Was a Believer of Cheibriados.
             Killed by divine providence
             ... invoked by an orc priest
              (15 damage)
             ... on level 6 of the Dungeon.
             The game lasted 00:14:18 (5137 turns).

ringo67 the Chopper (Naga Fighter)                  Turns: 5137, Time: 00:14:19

Health: -4/75      AC: 12    Str: 27    XL:     8   Next: 72%
Magic:  9/9        EV:  1    Int: 14    God:    Cheibriados [**....]
Gold:   301        SH: 15    Dex: 17    Spells: 7/7 levels left

rFire    . . .     SeeInvis +   a - +0 war axe
rCold    . . .     Faith    +   n - +0 tower shield
rNeg     . . .     Spirit   .   i - +0 plate armour (curse)
rPois    +         Reflect  .   q - +0 helmet
rElec    .         Harm     .   w - +0 cloak
rCorr    +         Rampage  .   c - +0 pair of gloves
MR       +....                  (no barding)
Stlth    ..........             E - amulet of faith
HPRegen  0.22/turn              t - ring of resist corrosion
MPRegen  0.11/turn              (no ring)

@: drained, very slow
A: large, see invisible, deformed body, poison resistance, slowness 2, spit
poison 1, AC +2
a: Spit Poison, Bend Time, Renounce Religion


You were on level 6 of the Dungeon.
You worshipped Cheibriados.
Cheibriados was pleased with you.
You visited 2 branches of the dungeon, and saw 7 of its levels.

You collected 301 gold pieces.

Inventory:

Hand Weapons
 a - a +0 war axe (weapon)
 G - a +4 mace of freezing
Missiles
 p - 2 silver javelins
 u - 4 poisoned darts
 y - 2 javelins (quivered)
Armour
 b - a +0 scale mail
 c - a +0 pair of gloves (worn)
 i - a cursed +0 plate armour (worn)
 n - a +0 tower shield (worn)
 q - a +0 helmet (worn)
 w - a +0 cloak (worn)
Jewellery
 t - a ring of resist corrosion (left hand)
 x - an uncursed ring of fire
 E - an amulet of faith (around neck)
 F - an uncursed ring of wizardry {unknown}
Wands
 H - a wand of flame (22)
Scrolls
 e - 4 scrolls of teleportation
 f - a scroll of fog {unknown}
 h - a scroll of amnesia {unknown}
 j - 8 scrolls of identify {unknown}
 l - 6 scrolls of remove curse {unknown}
 r - 2 scrolls of immolation {unknown}
 s - a scroll of enchant weapon {unknown}
 C - a scroll of noise {unknown}
Potions
 d - 2 potions of might
 g - 2 potions of degeneration {unknown}
 k - 2 potions of cancellation
 m - 2 potions of berserk rage {unknown}
 o - a potion of haste {unknown}
 v - a potion of lignification {unknown}
 z - a potion of heal wounds {unknown}
 A - a potion of stabbing {unknown}
 B - a potion of curing {unknown}
 D - a potion of brilliance {unknown}


   Skills:
 + Level 5.6(4.6) Fighting
 * Level 6.6(5.6) Axes
 - Level 4.2(3.2) Armour
 + Level 4.6(3.7) Shields
 + Level 2.1(1.2) Invocations


You had 7 spell levels left.
You didn't know any spells.
Your spell library was empty.

Dungeon Overview and Level Annotations

Branches:
Dungeon (6/15)             Temple (1/1) D:4

Altars:
Cheibriados
Dithmenos
Elyvilon
Fedhas
Qazlal
Sif Muna
Trog
Vehumet
Wu Jian
Zin

Shops:
D:6 *

Annotations:
D:5 3 runed translucent doors, Whiskey's ghost, novice BaFi


Innate Abilities, Weirdness & Mutations

You cannot wear boots.
Your serpentine skin is tough. (AC +2)
You have supernaturally acute eyesight. (SInv)
Armour fits poorly on your strangely shaped body.
Your system is resistant to poisons. (rPois)
You cover ground very slowly.
You can spit poison.


Message History

You block the worker ant's attack.
You hit the worker ant.
The worker ant is almost dead.
Your surroundings suddenly seem different.
Cheibriados thoroughly appreciates the change of pace.
Cheibriados raises the support of your attributes as your movement slows.
You feel a bit more experienced.
A jackal comes into view.
The orc priest casts a cantrip, but nothing happens.
Found Keonafuf's General Store.
It was a potion of cancellation.
You feel magically purged.
You have got your breath back.
You block the orc's attack.
You block the orc's attack. x2; You block the jackal's attack.
The orc hits you with a +0 short sword.
* * * LOW HITPOINT WARNING * * *
The orc hits you but does no damage.
The orc priest calls down the wrath of Beogh upon you.
Beogh smites you!
You die...

#.......... ..... <..
.###......... ..... ...
...##.........
....##.##..........(...
.......#..#......B....
#........#...........
#....................
##..<......#......#...
#....@.....#.o#.......
...#...h.o..#(.####.....
#.....o.##..###..###.
#........(.#.......# #.
#.#.......o).......# ##
..∩........o.###.##.# #.
##.#..#....#...###..# #.
#.#..#....##.## ... #.
...#......... ......


You could see an orc warrior, an orc priest, 2 orcs and a jackal.

Vanquished Creatures
  Grinder (D:5)
  Prince Ribbit (D:6)
  A sky beast (D:5)
  An ogre (D:4)
  A centaur (D:5)
  3 scorpions
  3 wights (D:6)
  A hound (D:5)
  Crazy Yiuf (D:3)
  A jelly (D:4)
  An orc priest (D:6)
  3 orc wizards
  4 worker ants
  Robin (D:2)
  A gnoll (D:4)
  5 adders
  4 oozes
  An adder skeleton (D:5)
  2 worms
  A dart slug (D:1)
  4 leopard geckos
  15 orcs
  5 bats
  8 giant cockroaches
  12 goblins
  10 hobgoblins
  4 jackals
  A kobold (D:1)
  6 quokkas
  2 frilled lizards
  A jackal skeleton (D:4)
  A leopard gecko skeleton (D:6)
  8 rats
114 creatures vanquished.

Notes
Turn   | Place    | Note
-------+----------+-------------------------------------------
     0 | D:1      | ringo67 the Naga Fighter began the quest for the Orb.
     0 | D:1      | Reached XP level 1. HP: 21/21 MP: 1/1
   130 | D:1      | Reached XP level 2. HP: 28/28 MP: 2/2
   306 | D:1      | Reached XP level 3. HP: 29/34 MP: 3/3
   997 | D:2      | Reached XP level 4. HP: 36/42 MP: 4/4
  1218 | D:2      | Found a shimmering blue altar of Sif Muna.
  1286 | D:2      | Noticed Robin
  1293 | D:2      | Killed Robin
  1525 | D:2      | Reached skill level 3 in Axes
  1525 | D:2      | Reached XP level 5. HP: 50/50 MP: 5/5
  1686 | D:3      | Found a stormy altar of Qazlal.
  2049 | D:3      | Found a runed translucent door.
  2050 | D:3      | Noticed Crazy Yiuf
  2146 | D:3      | Killed Crazy Yiuf
  2432 | D:4      | Noticed Grinder
  2441 | D:4      | Paralysed by Grinder for 6 turns
  2466 | D:3      | Paralysed by Grinder for 4 turns
  2694 | D:4      | Found a staircase to the Ecumenical Temple.
  2723 | Temple   | Entered the Ecumenical Temple
  2732 | Temple   | Became a worshipper of Cheibriados the Contemplative
  3125 | D:4      | Reached XP level 6. HP: 21/57 MP: 6/6
  3468 | D:4      | Reached skill level 4 in Axes
  3700 | D:4      | Found a shadowy altar of Dithmenos.
  3859 | D:5      | Entered Level 5 of the Dungeon
  3885 | D:4      | Reached * piety under Cheibriados
  3896 | D:5      | Reached XP level 7. HP: 65/66 MP: 7/7
  4083 | D:5      | Reached skill level 5 in Axes
  4131 | D:5      | Found a runed translucent gate.
  4131 | D:5      | Found a runed translucent gate.
  4131 | D:5      | Found a runed translucent gate.
  4131 | D:5      | Noticed Whiskey's ghost (novice BaFi)
  4181 | D:5      | Paralysed by Grinder for 4 turns
  4189 | D:5      | Paralysed by Grinder for 7 turns
  4209 | D:5      | Killed Grinder
  4209 | D:5      | Reached skill level 5 in Fighting
  4209 | D:5      | Reached XP level 8. HP: 19/74 MP: 8/8
  4508 | D:5      | Reached ** piety under Cheibriados
  4863 | D:6      | Reached skill level 6 in Axes
  4874 | D:6      | Reached skill level 1 in Invocations
  4993 | D:6      | Noticed Prince Ribbit
  5030 | D:6      | Killed Prince Ribbit
  5134 | D:6      | Found Keonafuf's General Store.
  5137 | D:6      | Killed from afar by an orc priest

Illustrated notes

Levels and vault maps discovered:
D:1:      erik_arrival_triangle_small, layout_basic
D:2:      layout_loops_cross, lemuel_blue_sif_altar, uniq_robin
D:3:      layout_rooms, grunt_qazlal_clouds, minmay_door_square,
          uniq_crazy_yiuf_cottage
D:4:      minmay_octagon_keep, layout_loops_cross,
          minmay_temple_entry_stoned_glass, nicolae_dithmenos_the_darkroom,
          uniq_grinder
D:5:      layout_cave_pools, gammafunk_ghost_necromancy
D:6:      layout_cave_pools, serial_shops, nicolae_shop_crystal, uniq_menkaure,
          uniq_eustachio, uniq_prince_ribbit1
Temple:   cyrus_circular_temple

Skill      XL: |  1  2  3  4  5  6  7  8 |
---------------+-------------------------+-----
Shields        | 3 4 |  4.6
Armour         | 3 4 |  4.2
Axes           | 3 4 5 6 |  6.6
Fighting       | 4 5 |  5.6
Invocations    | 2 |  2.1

Action                   |  1- 3 |  4- 6 |  7- 9 || total
-------------------------+-------+-------+-------++-------
Melee: War axe           |   104 |   149 |   102 ||   355
       Mace              |       |       |     6 ||     6
Throw: Javelin           |       |     6 |     4 ||    10
 Abil: Spit Poison       |     5 |    20 |    18 ||    43
  Use: Scroll            |       |       |     2 ||     2
       Potion            |       |       |     1 ||     1
Armor: Scale mail        |    18 |       |       ||    18
       Plate armour      |    35 |    93 |    51 ||   179
Dodge: Dodged            |    15 |     4 |     1 ||    20
Block: Kite shield       |    38 |       |       ||    38
       Tower shield      |    13 |   148 |   104 ||   265

Table legend: (Time is in decaauts)
 A = Elapsed time spent in this place.
 B = Non-inter-level travel time spent in this place.
 C = Inter-level travel time spent in this place.
 D = Time resting spent in this place.
 E = Time spent auto-exploring this place.
 F = Levels seen in this place.
 G = Mean time per level.
                   A        B        C        D        E       F      G
               +--------+--------+--------+--------+--------+-----+--------+
         Total |   6840 |   6647 |    193 |   1585 |   3593 |   7 |  977.1 |
       Dungeon |   6816 |   6633 |    183 |   1585 |   3593 |   6 | 1136.0 |
        Temple |     23 |     13 |     10 |      0 |      0 |   1 |   23.0 |
               +--------+--------+--------+--------+--------+-----+--------+

Top non-repeatable levels by time:
     D:4: 1678 daAuts
     D:5: 1334 daAuts
     D:3: 1322 daAuts
     D:1: 1069 daAuts
     D:2: 945 daAuts
     D:6: 466 daAuts
  Temple: 23 daAuts
